 Dungeon Sprint DCSS version 0.23.0 (webtiles) character file.

Game seed: 584142601978055254

15 nuthulu the Slasher (level 2, -9/15 HPs)
             Began as a Spriggan Assassin on Feb 17, 2019.
             Was a Believer of Uskayaw.
             Mangled by a red draconian
             ... wielding a +0 broad axe
              (17 damage)
             ... in the Dungeon (Sprint V: "Ziggurat Sprint").
             The game lasted 00:01:54 (141 turns).

nuthulu the Slasher (Spriggan Assassin)              Turns: 141, Time: 00:01:54

Health: -9/15      AC: 18    Str: 19    XL:     2   Next: 34%
Magic:  3/3        EV:  6    Int: 12    God:    Uskayaw [**....]
Gold:   0          SH:  0    Dex: 17    Spells: 1/1 levels left

rFire    + . .     SeeInvis +   a - +5 quick blade
rCold    + . .     Gourm    .   (shield restricted)
rNeg     . . .     Faith    .   J - +5 gold dragon scales
rPois    +         Spirit   .   (helmet restricted)
rElec    .         Reflect  .   d - +0 cloak
rCorr    .         Harm     .   (gloves unavailable)
MR       .....     NoTele   +   (boots unavailable)
Stlth    ..........             (no amulet)
HPRegen  0.05/turn              G - +6 ring of strength
MPRegen  0.08/turn              H - +6 ring of strength

@: very slightly contaminated, invisible, very quick
A: very small, unfitting armour, see invisible, herbivore, speed 3, slow
metabolism 2
a: Stomp, Line Pass, Renounce Religion


You were in the Dungeon.
You worshipped Uskayaw.
Uskayaw was noncommittal.
You were not hungry.

You visited 1 branch

Inventory:

Hand Weapons
 a - a +5 quick blade (weapon)
 b - a +0 blowgun
Missiles
 e - 8 poisoned needles
 f - 2 curare-tipped needles
Armour
 d - a +0 cloak (worn)
 J - +5 gold dragon scales (worn)
Jewellery
 C - a +6 ring of dexterity
 D - a +6 ring of dexterity
 E - a +6 ring of intelligence
 F - a +6 ring of intelligence
 G - a +6 ring of strength (left hand)
 H - a +6 ring of strength (right hand)
Wands
 z - a wand of disintegration (7)
 A - a wand of iceblast (7)
 B - a wand of acid (7)
Scrolls
 m - 4 scrolls of blinking
 t - 4 scrolls of amnesia
 u - 7 scrolls of fog
 v - a scroll of holy word
 w - 5 scrolls of identify
 x - 5 scrolls of remove curse
 y - 2 scrolls of fear
Potions
 h - 10 potions of curing
 i - 10 potions of heal wounds
 j - 6 potions of haste
 k - 7 potions of magic
 l - 3 potions of berserk rage
 n - 2 potions of brilliance
 o - a potion of invisibility
 p - 4 potions of resistance
 r - 5 potions of agility
 s - 5 potions of might
Comestibles
 g - 7 rations


   Skills:
 + Level 1.7 Fighting
 + Level 2.4(5.6) Short Blades
   Level 6.1(6.2) Long Blades
 + Level 2.2 Throwing
 + Level 2.0 Dodging
 - Level 5.8 Stealth


You had one spell level left.
You didn't know any spells.
Your spell library was empty.

Dungeon Overview and Level Annotations

Branches:
Dungeon (1/1)

Altars:
Ashenzari
Cheibriados
Dithmenos
Elyvilon
Fedhas
Gozag
Hepliaklqana
Kikubaaqudgha
Makhleb
Nemelex Xobeh
Okawaru
Qazlal
Ru
Sif Muna
Trog
Uskayaw
Vehumet
Wu Jian
Xom
Yredelemnul
Zin
The Shining One
Beogh
Jiyva
Lugonu

Annotations:
D 1 transporter


Innate Abilities, Weirdness & Mutations

You are very small and have problems with some larger weapons.
You are too small for most types of armour.
You have supernaturally acute eyesight. (SInv)
You are a herbivore.
You cover ground extremely quickly.
You need to consume almost no food.


Message History

The draconian is moderately wounded.
The red draconian roars!
You hit the draconian.
The draconian is moderately wounded.
You can now pass through a line of other dancers.
You catch the helpless draconian completely off-guard!
You puncture the draconian!
The draconian is heavily wounded.
The red draconian roars!
The red draconian roars!
The draconian hits you but does no damage.
You hit the draconian.
The draconian is heavily wounded.
The draconian hits you but does no damage.
You catch the helpless draconian completely off-guard!
You puncture the draconian!
The draconian is severely wounded.
The red draconian hits you with a +0 broad axe!
Ouch! That really hurt!
You die...

▓▓▓▓▓▓▓▓▓▓▓▓▓
▓.8©8.▓.8©8.▓
▓.).|.▓.....▓
▓.dd..▓.}.).▓
▓.d@..▓.....▓
▓.....▓.....▓
▓.....▓..©..▓
▓..©..▓▓▓▓▓▓▓
▓▓▓▓▓▓▓


You could see a red draconian and 2 draconians.

Vanquished Creatures
  2 adder skeletons (D)
2 creatures vanquished.

Notes
Turn   | Place    | Note
-------+----------+-------------------------------------------
     0 | D        | Found the +6 Majin-Bo {vamp, Archmagi MP+6 Int+6}
     0 | D        | Found the +7 great mace "Firestarter" {inner flame, rF++}
     0 | D        | nuthulu the Spriggan Assassin began the quest for the Orb.
     0 | D        | Reached XP level 1. HP: 10/10 MP: 2/2
     0 | D        | Found a blossoming altar of Fedhas.
     1 | D        | Found a deep blue altar of Sif Muna.
     1 | D        | Found a sacrificial altar of Ru.
     1 | D        | Found a bloodstained altar of Trog.
     1 | D        | Found a stormy altar of Qazlal.
     1 | D        | Found an iron altar of Okawaru.
     1 | D        | Found a sparkling altar of Nemelex Xobeh.
     3 | D        | Found a transporter.
     3 | D        | Found an ancient bone altar of Kikubaaqudgha.
     3 | D        | Found a viscous altar of Jiyva.
     3 | D        | Found a corrupted altar of Lugonu.
     3 | D        | Found a hazy altar of Hepliaklqana.
     3 | D        | Found a burning altar of Makhleb.
     3 | D        | Found an opulent altar of Gozag.
    22 | D        | Found the +9 heavy crossbow "Sniper" {velocity, Acc+∞ SInv}
    22 | D        | Found the +10 dark maul {crush}
    22 | D        | Found the +15 Maxwell's patent armour {-Cast -Tele rElec
                  | MR+ rCorr}
    22 | D        | Found the +18 shield of the Gong {rElec rN+ MR+ EV-5}
    22 | D        | Found the cursed +14 obsidian axe {chop, +Fly SInv *Curse}
    23 | D        | Found the +6 shillelagh "Devastator" {shatter}
    23 | D        | Found the +11 plutonium sword {*Contam Stlth-}
    23 | D        | Found the +8 lance "Wyrmbane" {slay drac, rPois rF+ rC+
                  | AC+3}
    23 | D        | Found the +9 sword of Zonguldrok {reap}
    23 | D        | Found the cursed +13 scythe of Curses {drain, *Curse}
    23 | D        | Found the +0 sword of Power
    23 | D        | Found the +7 mace of Variability {chain chaos}
    23 | D        | Found the +7 Singing Sword {slice, sonic wave}
    23 | D        | Found the +7 longbow "Piercer" {penet, EV-2}
    77 | D        | Became a worshipper of Uskayaw the Reveler
    95 | D        | Reached skill level 6 in Long Blades
    95 | D        | Reached XP level 2. HP: 14/14 MP: 3/3
   113 | D        | Entered arena 2.
   113 | D        | Found a transporter.
   119 | D        | Reached * piety under Uskayaw
   125 | D        | Entered arena 3.
   125 | D        | Noticed a draconian
   125 | D        | Noticed a red draconian
   125 | D        | Noticed a draconian
   125 | D        | Found a transporter.
   137 | D        | Reached ** piety under Uskayaw
   141 | D        | Mangled by a red draconian

Skill      XL: |  1  2 |
---------------+-------+-----
Long Blades    | 6 |  6.1
Dodging        | 2 |  2.0
Fighting       | |  1.7
Short Blades   | |  2.4
Throwing       | |  2.2
Stealth        | |  5.8

Action                   || total
-------------------------++-------
Melee: Quick blade       ||    17
  Use: Potion            ||     2
 Stab: Invisible         ||     6
Armor: Gold dragon scale ||     5
Dodge: Dodged            ||     3
